 Dungeon Crawl Stone Soup version 0.27-a0-686-gaed091b46b (webtiles) character file.

Game seed: 7928691396575476613

58 Allula97 the Skirmisher (level 3, 0/29 HPs)
             Began as a Demonspawn Monk on Mar 21, 2021.
             Was an Initiate of Ashenzari.
             Succumbed to an adder's poison
             ... on level 2 of the Dungeon.
             The game lasted 00:03:54 (1896 turns).

Allula97 the Skirmisher (Demonspawn Monk)           Turns: 1896, Time: 00:03:55

Health: 0/29       AC:  2    Str: 12    XL:     3   Next: 76%
Magic:  3/3        EV: 13    Int: 11    God:    Ashenzari [......]
Gold:   881        SH:  0    Dex: 15    Spells: 2/2 levels left

rFire    . . .     SeeInvis .   a - +0 mace
rCold    . . .     Faith    .   (no shield)
rNeg     . . .     Spirit   .   b - +0 robe
rPois    .         Reflect  .   (no helmet)
rElec    .         Harm     .   (no cloak)
rCorr    .         Rampage  .   (no gloves)
Will     .....                  (no boots)
Stlth    ++........             (no amulet)
HPRegen  0.09/turn              (no ring)
MPRegen  0.08/turn              (no ring)

@: lethally poisoned (0 -> -4), flying
A: talons 1
a: Renounce Religion, Curse Item


You were on level 2 of the Dungeon.
You worshipped Ashenzari.
Ashenzari was noncommittal.
You visited 1 branch of the dungeon, and saw 2 of its levels.

You collected 881 gold pieces.

Inventory:

Hand Weapons
 a - a +0 mace (weapon)
 h - a +0 long sword
Missiles
 m - 8 poisoned darts (quivered)
Armour
 b - a +0 robe (worn)
Scrolls
 c - a scroll of fear
 d - a scroll of identify
 g - 2 scrolls of teleportation
 i - a scroll of noise
 j - a scroll of summoning


   Skills:
 * Level 3.3 Fighting
 * Level 3.2 Maces & Flails
 * Level 0.9 Armour
 * Level 3.1 Dodging
 * Level 2.2 Stealth


You had 2 spell levels left.
You didn't know any spells.
Your spell library was empty.

Dungeon Overview and Level Annotations

Branches:
Dungeon (2/15)

Altars:
Ashenzari
Elyvilon
The Shining One


Innate Abilities, Weirdness & Mutations

You have sharp toenails.


Message History

You feel sick.
You feel sick.
You see here a +0 club.
It was a potion of flight.
You feel very buoyant.
You fly up into the air.
You feel sick.
There is a lethal amount of poison in your body!
You feel sick.
You feel sick.
A goblin comes into view.
* * * LOW HITPOINT WARNING * * *
You feel sick.
The goblin shouts!
* * * LOW HITPOINT WARNING * * *
You feel sick.
* * * LOW HITPOINT WARNING * * *
You feel sick.
A frilled lizard comes into view.
A hobgoblin comes into view.
* * * LOW HITPOINT WARNING * * *
You feel sick. The goblin closely misses you.
There is a broken altar of Ashenzari here.
You hover solemnly before the altar of Ashenzari.
Ashenzari welcomes you!
Ashenzari invites you to partake of a vision and a curse of cunning and evocations.
c - a scroll of fear;
d - a scroll of identify;
g - 2 scrolls of teleportation
i - a scroll of noise;
j - a scroll of summoning;
l - a scroll of acquirement Ashenzari warns you of distant threats and treasures.
Ashenzari reveals the structure of the dungeon to you.
Ashenzari shows you where magical portals lie.
Ashenzari prevents you from stumbling into unseen traps.
Ashenzari identifies your possessions.
* * * LOW HITPOINT WARNING * * *
You feel sick. The goblin hits you.
* * * LOW HITPOINT WARNING * * *
The rat barely misses you.
You aren't carrying any potions.
Something appears at your feet! The goblin hits you.
* * * LOW HITPOINT WARNING * * *
The rat barely misses you.
You now have 881 gold pieces (gained 840).
* * * LOW HITPOINT WARNING * * *
You feel sick. The goblin completely misses you. The rat barely misses you.
You die...

# '##.. ...# # ###.
#...#......## # #...
#...#.......# #
...##...#.##.##.## #
#⌠.##'##.⌠#..#..# #
#...............# #
#.@.r.....###..# #
...#...gl......).# #
#...'..._...'...#.# #
#...#.......#...#.# #
#####........####.#####
...........#.........
...⌠.##'##.⌠#..#######
..#..#...##.#.#
#..g.#... ....


You could see a goblin, a frilled lizard and a rat.

Vanquished Creatures
  2 adders (D:2)
  A worm (D:2)
  2 dart slugs
  A leopard gecko (D:1)
  A ball python (D:1)
  4 bats (D:1)
  3 giant cockroaches (D:2)
  5 goblins
  5 hobgoblins
  A quokka (D:1)
  A frilled lizard (D:2)
  2 kobolds
  3 rats
31 creatures vanquished.

Notes
Turn   | Place    | Note
-------+----------+-------------------------------------------
     0 | D:1      | Allula97 the Demonspawn Monk began the quest for the Orb.
     0 | D:1      | Reached XP level 1. HP: 18/18 MP: 1/1
   493 | D:1      | Gained mutation: You have sharp toenails. [demonic
                  | ancestry]
   493 | D:1      | Reached XP level 2. HP: 23/24 MP: 2/2
  1278 | D:2      | Reached XP level 3. HP: 28/29 MP: 3/3
  1863 | D:2      | Found a broken altar of Ashenzari.
  1892 | D:2      | Became a worshipper of Ashenzari the Shackled
  1892 | D:2      | Identified a scroll of acquirement
  1893 | D:2      | Acquired 840 gold pieces
  1894 | D:2      | HP: 1/29 [poisoned by an adder]
  1896 | D:2      | Succumbed to an adder's poison

Illustrated notes

Levels and vault maps discovered:
D:1:      psy_arrival_wood_between_worlds, layout_basic
D:2:      layout_basic, evilmike_ruin_ashenzari, tso_metal_star,
          nicolae_overflow_crystal_walls, serial_shops, nicolae_shop_stone

Skill      XL: |  1  2 |
---------------+-------+-----
Dodging        | 3 |  3.1
Maces & Flails | 3 |  3.2
Stealth        | 2 |  2.2
Fighting       | |  3.3
Armour         | |  0.9

Action                   || total
-------------------------++-------
Melee: Mace              ||    89
       Kick              ||    20
  Use: Potion            ||     3
       Scroll            ||     1
 Stab: Sleeping          ||     4
Armor: Robe              ||    23
Dodge: Dodged            ||    68

Table legend: (Time is in decaauts)
 A = Elapsed time spent in this place.
 B = Non-inter-level travel time spent in this place.
 C = Inter-level travel time spent in this place.
 D = Time resting spent in this place.
 E = Time spent auto-exploring this place.
 F = Levels seen in this place.
 G = Mean time per level.
                   A        B        C        D        E       F      G
               +--------+--------+--------+--------+--------+-----+--------+
         Total |   1917 |   1818 |     99 |      0 |   1463 |   2 |  958.5 |
       Dungeon |   1917 |   1818 |     99 |      0 |   1463 |   2 |  958.5 |
               +--------+--------+--------+--------+--------+-----+--------+

Top non-repeatable levels by time:
     D:1: 1160 daAuts
     D:2: 756 daAuts
